 Dungeon Crawl Stone Soup version 0.29.1-1-gd02db6906a (webtiles) character file.

Game seed: 1975311212364776259

373 jamesp the Covert (level 6, -5/37 HPs)
             Began as a Vampire Brigand on Sept 28, 2022.
             Was a Believer of Uskayaw.
             Slain by an iguana (12 damage)
             ... on level 4 of the Dungeon.
             The game lasted 00:10:21 (3567 turns).

jamesp the Covert (Vampire Brigand)                 Turns: 3567, Time: 00:10:22

Health: -5/37      AC:  4    Str: 16    XL:     6   Next: 43%
Magic:  7/7        EV: 12    Int: 19    God:    Uskayaw [**....]
Gold:   196        SH:  0    Dex: 18    Spells: 5/5 levels left

rFire   . . .      SeeInvis +   H - +0 dagger (vamp)
rCold   + + .      Faith    .   (no shield)
rNeg    + + +      Spirit   .   b - +0 robe
rPois   ∞          Reflect  .   (no helmet)
rElec   .          Harm     .   c - +0 cloak
rCorr   .          Rampage  .   (no gloves)
Will    .....                   r - +0 pair of boots
Stlth   ++++++....              (no amulet)
HPRegen 0.00/turn               x - +6 ring of intelligence
MPRegen 0.10/turn               z - +6 ring of strength

@: bloodless, inhibited regen
A: bloodless, fangs 3, see invisible, vampiric 2
a: Bat Form, Revivify, Renounce Religion, Stomp, Line Pass


You were on level 4 of the Dungeon.
You worshipped Uskayaw.
Uskayaw was noncommittal.
You visited 1 branch of the dungeon, and saw 4 of its levels.

You collected 196 gold pieces.

Inventory:

Hand Weapons
 a - a +2 dagger
 l - a +1 dagger of electrocution
 F - a +1 dagger of venom
 H - a +0 vampiric dagger (weapon)
Missiles
 d - 19 poisoned darts (quivered)
 e - 3 curare-tipped darts
 f - 60 stones
 i - 6 javelins
 m - 7 boomerangs
 o - a throwing net
Armour
 b - a +0 robe (worn)
 c - a +0 cloak (worn)
 q - a +0 cloak
 r - a +0 pair of boots (worn)
Jewellery
 j - a ring of poison resistance
 x - a +6 ring of intelligence (left hand)
 z - a +6 ring of strength (right hand)
 G - a ring of protection from fire
Wands
 h - a wand of acid (10)
Scrolls
 p - a scroll of torment {unknown}
 w - a scroll of summoning {unknown}
 y - 3 scrolls of amnesia {unknown}
 A - a scroll of noise {unknown}
 B - a scroll of identify
 C - a scroll of enchant weapon {unknown}
 D - a scroll of teleportation {unknown}
 E - a scroll of poison {unknown}
Potions
 g - a potion of flight
 k - a potion of attraction
 n - a potion of cancellation
 s - a potion of degeneration
 t - a potion of berserk rage {unknown}
 u - 3 potions of haste {unknown}
 v - a potion of might {unknown}


   Skills:
 + Level 3.5 Fighting
 + Level 4.2 Short Blades
 - Level 1.5 Throwing
 - Level 2.0 Dodging
 + Level 8.0 Stealth
 + Level 1.9 Invocations


You had 5 spell levels left.
You didn't know any spells.
Your spell library contained the following spells:

 Spells                   Type           Power      Damage    Failure   Level
 Call Canine Familiar     Summ           0%         N/A       52%         3
 Portal Projectile        Hex/Tloc       0%         N/A       52%         3
 Leda's Liquefaction      Hex/Erth       0%         N/A       90%         4
 Summon Lightning Spire   Summ/Air       0%         N/A       90%         4
 Storm Form               Tmut/Air       0%         N/A       100%        7
 Maxwell's Capacitive Co  Air            0%         ∞         100%        8


Dungeon Overview and Level Annotations

Branches:
Dungeon (4/15)             Temple (0/1) D:4

Altars:
Uskayaw


Innate Abilities, Weirdness & Mutations

You do not regenerate when monsters are visible.
You are frail without blood (-20% HP).
You can heal yourself when you bite living creatures.
You are immune to poison.
You have razor-sharp teeth.
You have supernaturally acute eyesight. (SInv)
You are afflicted with vampirism and can become a bat while bloodless.


Message History

Things that are here:
a +0 spear; a gnoll skeleton An iguana is nearby!
The iguana hisses angrily.
You hit the iguana but do no damage. Your bite misses the iguana.
The iguana bites you but does no damage.
You closely miss the iguana. The iguana barely misses you.
You hit the iguana but do no damage. The iguana barely misses you.
You hit the iguana.
The iguana is lightly wounded.
The iguana barely misses you.
You barely miss the iguana.
The iguana is lightly wounded.
You barely miss the iguana.
The iguana is lightly wounded.
The iguana closely misses you.
You barely miss the iguana.
The iguana is lightly wounded.
The iguana bites you!
You hit the iguana but do no damage. You bite the iguana.
You draw the iguana's blood!
You feel better.
The iguana is moderately wounded.
The iguana bites you but does no damage.
You hit the iguana but do no damage.
The iguana is moderately wounded.
The iguana bites you.
You hit the iguana but do no damage.
The iguana is moderately wounded.
You hit the iguana.
You feel better.
The iguana is heavily wounded.
The iguana bites you!
You can now pass through a line of other dancers.
You hit the iguana but do no damage. You punch the iguana.
The iguana is severely wounded.
The iguana bites you!
* * * LOW HITPOINT WARNING * * *
You hit the iguana.
The iguana is severely wounded.
The iguana bites you!
You die...

..#####.#.##.........
....###.#.##.........##
#....................
##................$#
#....)..#.........#
#.......#.........##
#####.......#...........
#................!...#
..###...........@l..##
#........#####.##
#........#####.### ##
##....##.#.......#
..###...####...#..##.#
#.#......##..#...# #.#
#.......)#....)## #.#
##.........#...# #.#
...†.......#.#)### #.#


You could see an iguana.

Vanquished Creatures
  A scorpion (D:4)
  An orc priest (D:3)
  An iguana (D:4)
  Crazy Yiuf (D:2)
  3 orc wizards (D:4)
  4 gnolls (D:4)
  2 adders
  An ufetubus (D:4)
  2 dart slugs
  8 orcs
  7 bats
  12 endoplasms
  2 giant cockroaches (D:2)
  7 hobgoblins
  6 jackals
  3 quokkas
  6 ball pythons
  3 frilled lizards (D:2)
  6 goblins
  2 kobolds
  7 rats
85 creatures vanquished.

Vanquished Creatures (others)
  A plant (D:2)
1 creature vanquished.

Grand Total: 86 creatures vanquished

Notes
Turn   | Place    | Note
-------+----------+-------------------------------------------
     0 | D:1      | jamesp the Vampire Brigand began the quest for the Orb.
     0 | D:1      | Reached XP level 1. HP: 16/16 MP: 1/1
   300 | D:1      | Reached skill level 6 in Stealth
   310 | D:1      | Reached XP level 2. HP: 17/17 MP: 2/2
   693 | D:1      | Found a faded altar of an unknown god.
   811 | D:1      | Gained mutation: You are afflicted with vampirism and can
                  | become a bat while bloodless. [Vampire growth]
   811 | D:1      | Reached XP level 3. HP: 16/21 MP: 3/3
  1196 | D:2      | Found a runed translucent door.
  1197 | D:2      | Noticed Crazy Yiuf
  1204 | D:2      | Killed Crazy Yiuf
  1263 | D:2      | Reached XP level 4. HP: 20/27 MP: 4/4
  1365 | D:2      | Found a hide-covered altar of Uskayaw.
  1387 | D:2      | Became a worshipper of Uskayaw the Reveller
  1401 | D:2      | Reached * piety under Uskayaw
  2019 | D:3      | Noticed a bullfrog
  2215 | D:3      | Reached skill level 7 in Stealth
  2708 | D:4      | Reached ** piety under Uskayaw
  2944 | D:3      | Reached XP level 5. HP: 28/32 MP: 5/5
  2994 | D:4      | Found a staircase to the Ecumenical Temple.
  3020 | D:4      | Reached skill level 1 in Invocations
  3025 | D:4      | Reached *** piety under Uskayaw
  3031 | D:4      | Reached **** piety under Uskayaw
  3092 | D:4      | Reached XP level 6. HP: 20/37 MP: 7/7
  3519 | D:4      | Reached skill level 8 in Stealth
  3567 | D:4      | Slain by an iguana

Illustrated notes

Levels and vault maps discovered:
D:1:      minmay_arrival_shattered_statue, layout_basic,
          chequers_ecumenical_altar_simple_redux, st_stairs_2
D:2:      layout_rooms, basic_altar, corexii_shack, uniq_crazy_yiuf_cottage
D:3:      layout_loops_corners, lightli_corner_chamber
D:4:      layout_rooms, lemuel_round_altar, minmay_temple_entry_stoned_glass,
          uniq_pikel

Skill      XL: |  1  2  3  4  5  6 |
---------------+-------------------+-----
Stealth        | 6 7 8 |  8.0
Fighting       | 2 3 |  3.5
Dodging        | 2 |  2.0
Short Blades   | 3 4 |  4.2
Invocations    | 1 |  1.9
Throwing       | |  1.5

Action                   |  1- 3 |  4- 6 || total
-------------------------+-------+-------++-------
Melee: Dagger            |    59 |   142 ||   201
       Bite              |     5 |    15 ||    20
       Punch             |       |     3 ||     3
Throw: Dart              |       |     8 ||     8
 Abil: Exsanguinate      |     1 |       ||     1
  Use: Scroll            |       |     4 ||     4
 Stab: Sleeping          |    26 |    14 ||    40
       Paralysed         |       |     2 ||     2
       Distracted        |       |     1 ||     1
Armor: Robe              |     5 |    24 ||    29
Dodge: Dodged            |    14 |    73 ||    87
